 Dungeon Crawl Stone Soup version 0.26.1-2-gb8aa6d0cf2 (webtiles) character file.

Game seed: 13736740909864370481

109 Descartes the Stinger (level 4, -1/25 HPs)
             Began as a Deep Elf Wanderer on Mar 14, 2021.
             Killed from afar by an orc wizard (6 damage)
             ... with a magic dart
             ... on level 2 of the Dungeon.
             The game lasted 00:06:09 (2838 turns).

Descartes the Stinger (Deep Elf Wanderer)           Turns: 2838, Time: 00:06:09

Health: -1/25      AC:  3    Str: 10    XL:     4   Next: 59%
Magic:  6/12       EV: 10    Int: 25    God:
Gold:   138        SH:  0    Dex: 12    Spells: 7/11 levels left

rFire    . . .     SeeInvis .   a - +0 dagger
rCold    . . .     Faith    .   (no shield)
rNeg     . . .     Spirit   .   q - +0 leather armour
rPois    .         Reflect  .   (no helmet)
rElec    .         Harm     .   (no cloak)
rCorr    .         Rampage  .   (no gloves)
Will     .....                  (no boots)
Stlth    +.........             (no amulet)
HPRegen  0.08/turn              g - ring of flight
MPRegen  0.13/turn              p - +6 ring of intelligence

@: no status effects
A: no striking features
a: Evoke Flight


You were on level 2 of the Dungeon.
You visited 1 branch of the dungeon, and saw 3 of its levels.

You collected 138 gold pieces.

Inventory:

Hand Weapons
 a - a +0 dagger (weapon)
Missiles
 c - 81 stones (quivered)
 m - 10 arrows
Armour
 d - a +0 robe
 q - a +0 leather armour (worn)
Jewellery
 g - a ring of flight (left hand)
 p - a +6 ring of intelligence (right hand)
Scrolls
 b - a scroll of random uselessness {unknown}
 e - a scroll of magic mapping {unknown}
 f - a scroll of fear {unknown}
 h - 2 scrolls of amnesia {unknown}
 j - a scroll of teleportation {unknown}
 k - a scroll of fog {unknown}
 n - a scroll of enchant weapon {unknown}
Potions
 i - 2 potions of flight {unknown}
 l - a potion of curing {unknown}
 o - a potion of degeneration {unknown}


   Skills:
 - Level 1.0 Fighting
 - Level 1.3 Bows
 - Level 1.0 Armour
 - Level 1.2 Stealth
 - Level 1.0 Shields
 + Level 4.1 Spellcasting
 - Level 1.1 Translocations
 - Level 5.0 Poison Magic


You had 7 spell levels left.
You knew the following spells:

 Your Spells              Type           Power        Failure   Level
a - Sting                 Tmut/Pois      68%          4%          1
b - Sandblast             Erth           10%          12%         1
c - Poisonous Vapours     Pois/Air       34%          7%          2

Your spell library contained the following spells:

 Spells                   Type           Power        Failure   Level
 Apportation              Tloc           20%          8%          1
 Olgreb's Toxic Radiance  Pois           30%          16%         4
 Ignite Poison            Fire/Tmut/Pois 13%          19%         3
 Mephitic Cloud           Conj/Pois/Air  13%          19%         3
 Lesser Beckoning         Tloc           5%           24%         3
 Stone Arrow              Conj/Erth      10%          36%         3


Dungeon Overview and Level Annotations

Branches:
Dungeon (3/15)

Altars:
Hepliaklqana
Zin


Message History

You bump into the rock wall.
You feel less confused.
The orc wizard hits you with a +0 dagger.
* * * LOW HITPOINT WARNING * * *
You miss the orc wizard.
The orc wizard is almost dead.
The orc wizard closely misses you.
You barely miss the orc wizard.
The orc wizard is almost dead.
The orc wizard hits you with a +0 dagger.
* * * LOW HITPOINT WARNING * * *
You barely miss the orc wizard.
The orc wizard is almost dead.
The orc wizard points at you and mumbles some strange words.
The puff of flame misses you.
You hit the orc wizard but do no damage.
The orc wizard is almost dead.
The orc wizard points at you and mumbles some strange words.
The magic dart hits you.
You die...

##......†......######.....###
##########.##### #........#
...# #.# #.##.###.# ##.#
##'## #.##.# #.# ##.# ##...##
#.##.# #.# ##.# ##.....##
#.##.# #.# .#.# ##.......##
##.##.###.#
..<###...>.....####.........#
..............)o@.......#####
...............####...#.###
.#.##.#.......## ##.#....#
.......#.....## ###..#.#
.#.##..##...## #..#.#
.#.##..###'## #..#.# .#.##..#
#.# #..#.# .#.##..# #.#
#..#.# .......###.## #..#.#


You could see an orc wizard.

Vanquished Creatures
  An orc wizard (D:2)
  2 adders (D:2)
  2 oozes
  A worm (D:2)
  A dart slug (D:1)
  3 leopard geckos
  2 orcs (D:2)
  3 bats
  2 giant cockroaches (D:1)
  5 goblins
  5 hobgoblins
  4 jackals (D:2)
  7 frilled lizards
  4 kobolds (D:1)
  6 rats (D:1)
48 creatures vanquished.

Notes
Turn   | Place    | Note
-------+----------+-------------------------------------------
     0 | D:1      | Descartes the Deep Elf Wanderer began the quest for the
                  | Orb.
     0 | D:1      | Descartes set off with the following items: a +0 dagger, a
                  | +0 robe; and the following spells available to memorise:
                  | Sting, Apportation, Poisonous Vapours, Sandblast, Ignite
                  | Poison, Lesser Beckoning, Mephitic Cloud, Stone Arrow,
                  | Olgreb's Toxic Radiance
     0 | D:1      | Reached XP level 1. HP: 12/12 MP: 5/5
     2 | D:1      | Learned a level 1 spell: Sting
     4 | D:1      | Learned a level 1 spell: Sandblast
   242 | D:1      | Reached skill level 4 in Poison Magic
   242 | D:1      | Reached XP level 2. HP: 16/16 MP: 3/6
   715 | D:1      | Reached XP level 3. HP: 20/20 MP: 3/7
  1799 | D:2      | Reached skill level 5 in Poison Magic
  1799 | D:2      | Reached XP level 4. HP: 14/25 MP: 1/10
  1932 | D:2      | Found a glowing silver altar of Zin.
  2531 | D:2      | Found a hazy altar of Hepliaklqana.
  2661 | D:2      | Learned a level 2 spell: Poisonous Vapours
  2838 | D:2      | Killed from afar by an orc wizard

Illustrated notes

Levels and vault maps discovered:
D:1:      matt_arrival_diagonals, layout_basic, minmay_tromino_v4_c
D:2:      layout_loops_corners, nzn_hepliaklqana_mist_gate, marbit_many_paths,
          minivault_27
D:3:      wander_river, layout_loops_ring, tso_metal_star, uniq_natasha

Skill      XL: |  1  2  3  4 |
---------------+-------------+-----
Poison Magic   | 4 5 |  5.0
Spellcasting   | 2 4 |  4.1
Fighting       | |  1.0
Bows           | |  1.3
Armour         | |  1.0
Stealth        | |  1.2
Shields        | |  1.0
Translocations | |  1.1

Action                   |  1- 3 |  4- 6 || total
-------------------------+-------+-------++-------
Melee: Dagger            |    20 |    10 ||    30
 Cast: Sting             |    62 |    42 ||   104
Armor: Robe              |     7 |       ||     7
       Leather armour    |       |     4 ||     4
Dodge: Dodged            |    23 |    21 ||    44
